 Dungeon Crawl Stone Soup version 0.29-a0-559-g359e09b9d1 (webtiles) character file.

Game seed: 10826613191708945168

93 fishcoup the Skirmisher (level 4, -16/34 HPs)
             Began as an Octopode Chaos Knight on June 10, 2022.
             Was a Plaything of Xom.
             Demolished by an ogre
             ... wielding a +0 giant club
              (33 damage)
             ... on level 5 of the Dungeon.
             The game lasted 00:02:25 (2043 turns).

fishcoup the Skirmisher (Octopode Chaos Knight)     Turns: 2043, Time: 00:02:26

Health: -16/34     AC:  1    Str:  9    XL:     4   Next: 62%
Magic:  4/4        EV: 13    Int: 14    God:    Xom [.....*]
Gold:   115        SH:  0    Dex: 11    Spells: 3/3 levels left

rFire   . . .      SeeInvis .   a - +0 spear (chaos)
rCold   . . .      Faith    .   (no shield)
rNeg    . . .      Spirit   .   (helmet restricted)
rPois   .          Reflect  .   (no amulet)
rElec   .          Harm     .   (no ring)
rCorr   .          Rampage  .   (no ring)
Will    .....                   (no ring)
Stlth   ++........              (no ring)
HPRegen 0.11/turn               (no ring)
MPRegen 0.09/turn               (no ring)
                                (no ring)
                                (no ring)

@: unable to read
A: almost no armour, amphibious, 8 rings, camouflage 1, gelatinous body 1,
(nimble swimmer 1), tentacles, clumsy 1, weak 1, inability to read while
threatened
a: Renounce Religion


You were on level 5 of the Dungeon.
You worshipped Xom.
You were Xom's teddy bear.
You visited 1 branch of the dungeon, and saw 5 of its levels.

You collected 115 gold pieces.

Inventory:

Hand Weapons
 a - a +0 spear of chaos (weapon)
 m - a +0 war axe
 p - a +0 hunting sling
Scrolls
 i - a scroll of torment {unknown}
 j - 3 scrolls of amnesia {unknown}
 k - a scroll of poison
 l - 3 scrolls of enchant weapon
Potions
 c - 2 potions of haste {@q4}
 e - 4 potions of curing {unknown}
 f - a potion of lignification
 h - a potion of brilliance {unknown}
 n - a potion of resistance {unknown}
 o - 2 potions of attraction
Miscellaneous
 b - a piece from Xom's chessboard (13/15)


   Skills:
 * Level 4.6 Fighting
 - Level 3.0 Polearms
 + Level 3.3 Dodging


You had 3 spell levels left.
You didn't know any spells.
Your spell library contained the following spells:

 Spells                   Type           Power      Damage    Failure   Level
 Apportation              Tloc           0%         N/A       28%         1
 Foxfire                  Conj/Fire      0%         2x1d4     28%         1
 Conjure Flame            Conj/Fire      0%         6-21      65%         3
 Inner Flame              Hex/Fire       0%         N/A       65%         3
 Flame Wave               Conj/Fire      0%         2d4       96%         4
 Alistair's Intoxication  Tmut/Pois      0%         N/A       100%        5


Dungeon Overview and Level Annotations

Branches:
Dungeon (5/15)             Temple (0/1) D:4

Altars:
Xom

Annotations:
D:3 Ijyb, Natasha, Robin
D:4 exclusion: phantom


Innate Abilities, Weirdness & Mutations

You cannot wear most types of armour.
You are amphibious.
You can wear up to eight rings at the same time.
Your skin changes colour to match your surroundings (Stealth+).
Your rubbery body absorbs attacks. (AC +1, EV +1)
((You are camouflaged when in or above water. (Stealth+)))
You have tentacles for arms and can constrict up to eight enemies at once.
You are clumsy. (Dex -2)
You are weak. (Str -2)
You sometimes lose the ability to read scrolls when taking damage.


Message History

Your piece from Xom's chessboard (15/15) has regained one charge.
No target in view!
You start resting.
HP restored.
You see here an adder corpse.
An ogre comes into view. It is wielding a +0 giant club.
Unknown command.
Throw: 4 darts (poison)
Aim: an ogre, wielding a +0 giant club (asleep, 98% to hit)
You throw a poisoned dart. The poisoned dart hits the ogre.
The ogre is poisoned.
The ogre shouts!
Throw: 3 darts (poison)
Aim: an ogre, wielding a +0 giant club (lightly wounded, poisoned, 73% to hit)
You throw a poisoned dart.
The poisoned dart closely misses the ogre.
Throw: 2 darts (poison)
Aim: an ogre, wielding a +0 giant club (lightly wounded, poisoned, 73% to hit)
You throw a poisoned dart. The poisoned dart hits the ogre.
Throw: dart (poison)
Aim: an ogre, wielding a +0 giant club (lightly wounded, poisoned, 73% to hit)
You throw a poisoned dart. The poisoned dart hits the ogre.
The ogre looks even sicker.
You make a move on Xom's chessboard...
The ogre resists with significant effort.
Unknown command.
You make a move on Xom's chessboard...
The ogre seems to speed up.
You hit the ogre. The ogre misses you.
You barely miss the ogre. The ogre barely misses you.
You hit the ogre. You freeze the ogre.
You are now Xom's teddy bear.
The ogre hits you with a +0 giant club!
Ouch! That really hurt!
You hit the ogre.
The ogre looks even sicker.
The ogre closely misses you.
You closely miss the ogre.
The ogre hits you with a +0 giant club!!
You feel threatened and lose the ability to read scrolls!
Ouch! That really hurt!
You die...
Xom thinks this is hilarious!

### #.# #.## ##..#
##...# ##....##
##>...@.##
##......O.###
###...........#
##.........##.....
#........### #(..#
#....†..## .(.#
##..<..## ..#
##...## (( #####


You could see an ogre (fast, very poisoned).

Vanquished Creatures
  A hound (D:5)
  An iguana (D:4)
  An adder (D:5)
  A dart slug (D:4)
  An orc (D:4)
  4 ball pythons
  A bat (D:4)
  3 endoplasms (D:4)
  A giant cockroach (D:1)
  4 goblins
  4 hobgoblins
  A frilled lizard (D:2)
  2 kobolds (D:1)
  2 rats
27 creatures vanquished.

Vanquished Creatures (others)
  A plant (D:2)
1 creature vanquished.

Grand Total: 28 creatures vanquished

Notes
Turn   | Place    | Note
-------+----------+-------------------------------------------
     0 | D:1      | fishcoup the Octopode Chaos Knight began the quest for the
                  | Orb.
     0 | D:1      | Reached XP level 1. HP: 16/16 MP: 1/1
     5 | D:1      | Noticed a four-headed hydra
    45 | D:1      | Found a faded altar of an unknown god.
   351 | D:1      | Noticed a black mamba
   448 | D:1      | XOM: divination: detect items
   574 | D:1      | XOM: silly message
   626 | D:2      | Reached XP level 2. HP: 18/21 MP: 2/2
   757 | D:2      | You fall into a shaft and drop 2 floors!
   761 | D:4      | XOM: divination: magic mapping
   832 | D:4      | Found a staircase to the Ecumenical Temple.
  1041 | D:3      | Noticed Robin
  1041 | D:3      | Noticed Ijyb
  1046 | D:3      | Noticed Natasha
  1054 | D:4      | Reached XP level 3. HP: 22/27 MP: 3/3
  1183 | D:4      | XOM: scenery: create altars
  1304 | D:4      | Noticed a phantom
  1401 | D:4      | XOM: give mutations
  1401 | D:4      | Gained mutation: You are clumsy. (Dex -2) [Xom's mischief]
  1401 | D:4      | Gained mutation: You sometimes lose the ability to read
                  | scrolls when taking damage. [Xom's mischief]
  1401 | D:4      | Gained mutation: You are weak. (Str -2) [Xom's mischief]
  1409 | D:4      | XOM: noise
  1763 | D:5      | Entered Level 5 of the Dungeon
  1773 | D:4      | Reached skill level 4 in Fighting
  1944 | D:5      | Reached XP level 4. HP: 24/34 MP: 4/4
  2032 | D:5      | Noticed an ogre
  2043 | D:5      | Demolished by an ogre

Illustrated notes

Levels and vault maps discovered:
D:1:      sevenhm_arrival_forest_fort_small_2, layout_basic,
          ebering_ecumenical_altar_sacrificial
D:2:      cheibrodos_old_hovel, layout_loops_cross,
          ebering_dispersal_statue_hall, cheibrodos_gnoll_hut
D:3:      layout_rooms, uniq_robin, uniq_natasha, uniq_ijyb
D:4:      layout_basic, minmay_temple_entry_offerings
D:5:      layout_layer_cave

Skill      XL: |  1  2  3 |
---------------+----------+-----
Fighting       | 4 |  4.6
Dodging        | 3 |  3.3
Polearms       | |  3.0

Action                   |  1- 3 |  4- 6 || total
-------------------------+-------+-------++-------
Melee: Spear             |    59 |     7 ||    66
       Constrict         |     9 |     1 ||    10
       Tentacles         |     8 |     1 ||     9
Throw: Dart              |       |     4 ||     4
Evoke: Piece from Xom's  |     3 |     2 ||     5
  Use: Scroll            |     5 |       ||     5
 Stab: Sleeping          |     8 |       ||     8
Armor: Skin              |     2 |       ||     2
Dodge: Dodged            |    21 |     4 ||    25

Table legend: (Time is in decaauts)
 A = Elapsed time spent in this place.
 B = Non-inter-level travel time spent in this place.
 C = Inter-level travel time spent in this place.
 D = Time resting spent in this place.
 E = Time spent auto-exploring this place.
 F = Levels seen in this place.
 G = Mean time per level.
                   A        B        C        D        E       F      G
               +--------+--------+--------+--------+--------+-----+--------+
         Total |   2040 |   1973 |     67 |    335 |   1363 |   5 |  408.0 |
       Dungeon |   2040 |   1973 |     67 |    335 |   1363 |   5 |  408.0 |
               +--------+--------+--------+--------+--------+-----+--------+

Top non-repeatable levels by time:
     D:4: 1158 daAuts
     D:1: 620 daAuts
     D:2: 135 daAuts
     D:5: 111 daAuts
     D:3: 14 daAuts
